[Event "Team 45 45 League T39"]
[Site "Internet Chess Club"]
[Date "2008.10.25"]
[Round "1"]
[White "Burning-Bush"]
[Black "gok"]
[Result "0-1"]
[WhiteElo "2121"]
[BlackElo "1623"]
[Opening "Benko's opening"]
[ECO "A00"]
[Time "23:03:23"]
[TimeControl "2700+45"]

1. g3 c5 2. Bg2 Nc6 3. c4 Nf6 4. Nc3 e6 5. Nf3 Be7 6. O-O O-O 7. e3 d5 8. cxd5
Nxd5 9. Ne2 b6 10. Qa4 Bb7 11. d4 Qc7 12. Bd2 a6 13. dxc5 Bxc5 14. Rfc1 Qe7 15.
a3 Rac8 16. b4 b5 17. Qb3 Bd6 18. Nc3 Ne5 19. Nxe5 Bxe5 20. Ra2 Nxc3 21. Bxc3
Bxc3 22. Rxc3 Bxg2 23. Kxg2 Rxc3 24. Qxc3 Qb7+ 25. f3 Rc8 26. Qd4 Qc7 27. Rd2 h6
28. e4 Qc3 29. Qd7 Qc6 30. Qe7 Rc7 31. Qd8+ Kh7 32. Rd6 Qc2+ 33. Rd2 Qc6 34. Rd6
Qc2+ 35. Kh3 Rc3 36. Rd2 Qb3 37. f4 Qc4 38. Qa8 Qf1+ 39. Kh4 Rxa3 40. Qb7 Qe1
41. Rb2 Rxg3 42. hxg3 Qh1+ 43. Kg4 h5+ {White resigns} 0-1

[Event "Team 45 45 League T39"]
[Site "Internet Chess Club"]
[Date "2008.10.24"]
[Round "1"]
[White "mechanicalrook"]
[Black "chess92192"]
[Result "0-1"]
[WhiteElo "1639"]
[BlackElo "1831"]
[Opening "Sicilian: Najdorf, Opocensky variation"]
[ECO "B92"]
[Time "20:04:50"]
[TimeControl "2700+45"]

1. e4 c5 2. Nf3 d6 3. d4 cxd4 4. Nxd4 Nf6 5. Nc3 a6 6. Be2 g6 7. O-O Bg7 8. Be3
O-O 9. f4 b5 10. a3 Bb7 11. Bf3 Nbd7 12. Qd2 Nc5 13. e5 Nfe4 14. Nxe4 Nxe4 15.
Bxe4 Bxe4 16. exd6 Qxd6 17. c3 Rfd8 18. Nb3 Qxd2 19. Nxd2 Bb7 20. Nf3 Rd3 21.
Rae1 Bxf3 22. Rxf3 e6 23. Kf2 Rad8 24. Bb6 Rd2+ 25. Re2 R8d6 26. Bc5 R6d5 27.
Be3 Rd1 28. Kg3 Kf8 29. Rff2 Ke7 30. Rd2 e5 31. Bc5+ Ke6 32. Rxd5 Rxd5 33. Be3
Rd3 34. Rf3 e4 35. Bd4 {White resigns} 0-1

[Event "Team 45 45 League T39"]
[Site "Internet Chess Club"]
[Date "2008.10.26"]
[Round "1"]
[White "LAJ"]
[Black "gorak"]
[Result "1/2-1/2"]
[WhiteElo "1759"]
[BlackElo "1530"]
[Opening "Scotch game"]
[ECO "C45"]
[Time "09:02:00"]
[TimeControl "2700+45"]

1. e4 e5 2. Nf3 Nc6 3. d4 exd4 4. Nxd4 Bc5 5. Be3 Nxd4 6. Bxd4 Bxd4 7. Qxd4 Qf6
8. e5 Qb6 9. Qxb6 axb6 10. Nc3 c6 11. Ne4 Nh6 12. Nd6+ Ke7 13. Bd3 f6 14. Nc4 b5
15. Nb6 Ra6 16. Nxc8+ Rxc8 17. exf6+ Kxf6 18. O-O g6 19. Rfe1 Raa8 20. a3 Re8
21. f3 Nf7 22. f4 Nd6 23. Kf2 Rxe1 24. Rxe1 Ra4 25. g3 b4 26. axb4 Rxb4 27. b3
c5 28. Rd1 Rb6 29. g4 Nf7 30. Be4 d6 31. Ke3 Nd8 32. h4 Ne6 33. f5 Nd4 34. g5+
Kf7 35. Bd5+ Kf8 36. c3 Nxf5+ {Game drawn by mutual agreement} 1/2-1/2

[Event "Team 45 45 League T39"]
[Site "Internet Chess Club"]
[Date "2008.10.26"]
[Round "1"]
[White "Despair"]
[Black "ARMAND01968"]
[Result "1-0"]
[WhiteElo "1920"]
[BlackElo "1833"]
[Opening "Nimzovich-Larsen attack: modern variation"]
[ECO "A01"]
[Time "21:51:40"]
[TimeControl "2700+45"]

1. b3 e5 2. Bb2 Nc6 3. c4 d5 4. cxd5 Qxd5 5. Nf3 Bd6 6. Nc3 Qe6 7. g3 Nf6 8. d4
e4 9. d5 Nxd5 10. Nxd5 exf3 11. Bxg7 fxe2 12. Bxe2 Be5 13. Bxh8 Bxh8 14. Nxc7+
Ke7 15. Nxe6 Bxa1 16. Nc7 Bc3+ 17. Kf1 Bh3+ 18. Kg1 Rd8 19. Qc2 Nd4 20. Qe4+ Kd7
21. Nd5 Nxe2+ 22. Qxe2 Re8 23. Ne3 Bg7 24. Qb5+ Ke7 25. Qh5 Kf8 26. Qxh3 b5 27.
Kg2 {Black resigns} 1-0

[Event "Team 45 45 League T39"]
[Site "Internet Chess Club"]
[Date "2008.10.26"]
[Round "1"]
[White "ErCaos"]
[Black "czek"]
[Result "0-1"]
[WhiteElo "1802"]
[BlackElo "1892"]
[Opening "Scandinavian defense"]
[ECO "B01"]
[Time "17:08:38"]
[TimeControl "2700+45"]

1. e4 d5 2. exd5 Nf6 3. Nf3 Nxd5 4. Be2 Nc6 5. O-O e5 6. Bb5 Bd6 7. Bxc6+ bxc6
8. d4 e4 9. Ne5 O-O 10. c4 Nb4 11. Nc3 Bxe5 12. dxe5 Qxd1 13. Rxd1 Bf5 14. b3
Nd3 15. Be3 Rfe8 16. Rd2 Nxe5 17. Rad1 Bg4 18. Ne2 f5 19. h3 Bh5 20. Bf4 Nd3 21.
Bxc7 Nxf2 22. Rf1 e3 23. Rc2 g5 24. Bg3 Ne4 25. Be1 f4 26. Nd4 c5 27. Nf3 Rad8
28. Re2 Rd1 29. g4 Bg6 30. h4 h5 31. Nxg5 Nxg5 32. hxg5 Bd3 33. Rh2 Bxf1 34.
Kxf1 hxg4 35. Ke2 Red8 36. Rh6 f3+ 37. Kxe3 Rxe1+ 38. Kf2 Re2+ 39. Kg3 Rg2+ 40.
Kf4 f2 41. Rg6+ Kh7 {White resigns} 0-1

[Event "Team 45 45 League T39"]
[Site "Internet Chess Club"]
[Date "2008.10.22"]
[Round "1"]
[White "joshua9"]
[Black "pelayo"]
[Result "0-1"]
[WhiteElo "1702"]
[BlackElo "1725"]
[Opening "King's gambit"]
[ECO "C30"]
[Time "14:25:57"]
[TimeControl "2700+45"]

1. e4 e5 2. f4 Nc6 3. Nf3 exf4 4. d4 g5 5. h4 Be7 6. hxg5 Bxg5 7. Bc4 d6 8. Rh5
Bg4 9. Bxf7+ Kf8 10. Bxg8 Bxh5 11. Be6 Bh4+ 12. Kf1 Qf6 13. Bf5 Bxf3 14. Qxf3
Nxd4 15. Qd3 Re8 16. Nc3 Nxf5 17. Nd5 Qg7 18. Bxf4 Ng3+ 19. Kg1 Nxe4 20. Rf1
Bf2+ 21. Kh1 Kg8 22. Qh3 c6 23. Ne3 Ng3+ 24. Bxg3 Qxg3 25. Qxg3+ Bxg3 26. Nf5
Be5 27. c3 h5 28. Re1 h4 29. Nxd6 Re6 30. Nxb7 Rh7 31. Nc5 Re8 32. Re4 Rf7 33.
Nd3 Rf1# {White checkmated} 0-1

[Event "Team 45 45 League T39"]
[Site "Internet Chess Club"]
[Date "2008.10.27"]
[Round "1"]
[White "chipionero"]
[Black "nodoyuna"]
[Result "0-1"]
[WhiteElo "1709"]
[BlackElo "1861"]
[Opening "QGD semi-Slav: 5.e3"]
[ECO "D45"]
[Time "16:28:53"]
[TimeControl "2700+45"]

1. d4 d5 2. Nf3 Nf6 3. c4 e6 4. Nc3 c6 5. e3 dxc4 6. Bxc4 b5 7. Bd3 Be7 8. Bd2
Nbd7 9. Rc1 Bb7 10. O-O O-O 11. a3 a5 12. e4 Re8 13. e5 Nd5 14. Nxd5 exd5 15.
Ne1 Qb6 16. Nc2 c5 17. Qh5 Nf8 18. Be3 c4 19. Be2 Qg6 20. f4 Qxh5 21. Bxh5 g6
22. Bf3 b4 23. axb4 axb4 24. Bd2 Ne6 25. Bxb4 Nxd4 26. Nxd4 Bxb4 27. Nc2 Bd2 28.
Rcd1 Bxf4 29. Bxd5 Bxd5 30. Rxd5 Bxe5 31. Rd7 f6 32. Na3 Rec8 33. Rb7 c3 34. Nb1
cxb2 {White resigns} 0-1

[Event "Team 45 45 League T39"]
[Site "Internet Chess Club"]
[Date "2008.10.25"]
[Round "1"]
[White "Camalleo"]
[Black "IceBox"]
[Result "1-0"]
[WhiteElo "1743"]
[BlackElo "1694"]
[Opening "French: exchange variation"]
[ECO "C01"]
[Time "09:00:17"]
[TimeControl "2700+45"]

1. e4 e6 2. d4 d5 3. exd5 exd5 4. Bd3 Bd6 5. Nf3 Ne7 6. Nc3 c6 7. O-O O-O 8. Re1
Bf5 9. Bxf5 Nxf5 10. Qd3 Ne7 11. Ng5 Ng6 12. Bd2 Nd7 13. f4 Qc7 14. g3 Nf6 15.
Nf3 Rae8 16. Ne5 Ne7 17. b3 Qc8 18. Kg2 Rd8 19. a4 Qf5 20. a5 a6 21. g4 Qxd3 22.
cxd3 h5 23. h3 Nd7 24. Na4 Rfe8 25. f5 Nxe5 26. dxe5 Bc7 27. Nc5 Rb8 28. d4 Red8
29. Rf1 hxg4 30. hxg4 Kf8 31. Rh1 Ng8 32. Rh8 Ke7 33. Bg5+ f6 34. Rh7 Bxe5 35.
dxe5 fxg5 36. Rxg7+ Kf8 37. Ne6+ {Black resigns} 1-0

[Event "Team 45 45 League T39"]
[Site "Internet Chess Club"]
[Date "2008.10.28"]
[Round "1"]
[White "Juan73"]
[Black "lafuga3"]
[Result "0-1"]
[WhiteElo "1686"]
[BlackElo "1670"]
[Opening "Sicilian: Sozin, Leonhardt variation"]
[ECO "B88"]
[Time "15:32:27"]
[TimeControl "2700+45"]

1. e4 c5 2. Nc3 Nc6 3. Nf3 Nf6 4. Bc4 d6 5. d4 cxd4 6. Nxd4 e6 7. Bg5 a6 8. f4
h6 9. Bh4 g5 10. fxg5 Nh7 11. Bg3 hxg5 12. Qd2 Qb6 13. Nb3 Ne5 14. Be2 Bd7 15.
O-O-O O-O-O 16. Na4 Bxa4 17. Bh5 Nf6 18. Bxe5 dxe5 19. Qc3+ Bc6 20. Bxf7 Rxd1+
21. Rxd1 Qc7 22. Bxe6+ Kb8 23. Bd5 Nxe4 24. Bxe4 Bxe4 25. Qd2 Be7 26. Qe2 Bg6
27. h3 Rc8 28. c3 e4 29. g4 Qf4+ 30. Nd2 Rd8 31. Qc4 e3 32. Qxf4+ gxf4 33. Nf3
Rxd1+ 34. Kxd1 Be4 35. Nd4 f3 36. Ke1 Bh4+ 37. Kd1 f2 38. Ke2 Bd3+ {White
resigns} 0-1

[Event "Team 45 45 League T39"]
[Site "Internet Chess Club"]
[Date "2008.10.28"]
[Round "1"]
[White "jordifp"]
[Black "arriero55"]
[Result "1/2-1/2"]
[WhiteElo "1556"]
[BlackElo "1444"]
[Opening "Sicilian"]
[ECO "B50"]
[Time "14:15:11"]
[TimeControl "2700+45"]

1. e4 c5 2. Nf3 d6 3. Bc4 a6 4. a4 Nc6 5. c3 Nf6 6. d3 h6 7. Qb3 e6 8. Qc2 Bd7
9. O-O Be7 10. Bd2 O-O 11. Re1 Rc8 12. Qd1 Qb6 13. Bc1 Qc7 14. Ba2 b5 15. d4
cxd4 16. Nxd4 Nxd4 17. Qxd4 Bc6 18. Nd2 Nd7 19. Nf3 Bf6 20. Qd1 Nc5 21. axb5
axb5 22. Bb1 Ra8 23. Rxa8 Rxa8 24. Qc2 Nd7 25. Nd4 e5 26. Nf5 Nc5 27. f3 Kh7 28.
b4 Nb7 29. Be3 Bd7 30. Ng3 Be6 31. f4 exf4 32. Bxf4 Be5 33. Rf1 Qxc3 34. Qxc3
Bxc3 35. e5+ g6 36. exd6 Bxb4 37. Be4 Bc5+ 38. Kh1 Ra7 39. Nh5 Bc4 40. Rc1 Nxd6
41. Nf6+ Kg7 42. Be5 Kf8 43. Bc6 Bb4 44. Nd7+ Kg8 {Game drawn by mutual
agreement} 1/2-1/2

[Event "Team 45 45 League T39"]
[Site "Internet Chess Club"]
[Date "2008.10.26"]
[Round "1"]
[White "Fidius"]
[Black "Fosca"]
[Result "1-0"]
[WhiteElo "1972"]
[BlackElo "1879"]
[Opening "French: Chigorin variation"]
[ECO "C00"]
[Time "15:03:23"]
[TimeControl "2700+45"]

1. e4 e6 2. Qe2 c5 3. Na3 Nc6 4. Nf3 d5 5. exd5 Qxd5 6. Nb5 Qd8 7. g3 a6 8. Nc3
Nf6 9. Bg2 Nd4 10. Nxd4 Qxd4 11. d3 Bd6 12. O-O O-O 13. Be3 Qb4 14. Rab1 Rb8 15.
a3 Qa5 16. Ne4 Nxe4 17. Bxe4 Qc7 18. d4 cxd4 19. Bxd4 b5 20. Rfd1 Bb7 21. Bxb7
Rxb7 22. Rd3 Rc8 23. Bc3 Bc5 24. Rbd1 Qb6 25. Bd4 Bxd4 26. Rxd4 Rbb8 27. Qd2 h6
28. Rd7 Qc6 29. c3 Rb7 30. Rd6 Qc4 31. Rxa6 Rbb8 32. Rd6 Re8 33. Qd3 Rec8 34.
Qxc4 bxc4 35. R1d2 Rb3 36. Rd8+ Rxd8 37. Rxd8+ Kh7 38. Rd4 Rxb2 39. Rxc4 Rb3 40.
a4 Ra3 41. Kf1 Kg6 42. Ke2 e5 43. Kd2 Ra2+ 44. Ke3 Kf5 45. Rb4 Ra3 46. Kd3 Ra2
47. Ke3 Ra3 48. Rc4 g5 49. h3 Ke6 50. Kd3 Kd5 51. Rb4 f5 52. Rb5+ Ke6 53. a5 e4+
54. Kd4 Ra2 55. Rb6+ Kd7 56. a6 Rxf2 57. a7 Ra2 58. Rxh6 Kc7 59. h4 gxh4 60. Rh8
Ra4+ 61. Ke3 Kd6 62. a8=Q Rxa8 63. Rxa8 hxg3 64. Rg8 Ke5 65. Re8+ Kf6 66. Kf4
Kf7 67. Ra8 g2 68. Ra1 Ke6 69. Rg1 Kd5 70. Rxg2 Kc4 71. Rg3 Kb3 72. Kxf5 e3 73.
Rxe3 Kc4 74. Ke5 {Black resigns} 1-0

[Event "Team 45 45 League T39"]
[Site "Internet Chess Club"]
[Date "2008.10.25"]
[Round "1"]
[White "LeChatelier"]
[Black "hewdondada"]
[Result "0-1"]
[WhiteElo "1781"]
[BlackElo "1870"]
[Opening "Scandinavian (center counter) defense"]
[ECO "B01"]
[Time "15:00:30"]
[TimeControl "2700+45"]

1. e4 d5 2. exd5 Qxd5 3. Nc3 Qa5 4. d4 Nf6 5. Nf3 Ne4 6. Bd2 Nxd2 7. Qxd2 Bf5 8.
Bc4 e6 9. O-O Nd7 10. a3 c6 11. b4 Qc7 12. Rfe1 Nb6 13. Bb3 Be7 14. Ne4 O-O 15.
Ng3 Bg6 16. Ne5 Rad8 17. Ne4 Bxe4 18. Rxe4 Bf6 19. Ng4 Qe7 20. f4 Nd5 21. f5 Rd6
22. Rae1 Bg5 23. Qf2 Qd7 24. Ne5 Qd8 25. h4 Bf6 26. Ng4 Nc3 27. fxe6 Nxe4 28.
exf7+ Kh8 29. Qf5 Bxd4+ 30. Kh2 Qxh4# {White checkmated} 0-1

[Event "Team 45 45 League T39"]
[Site "Internet Chess Club"]
[Date "2008.10.28"]
[Round "1"]
[White "mugurelt"]
[Black "attalone"]
[Result "0-1"]
[WhiteElo "1683"]
[BlackElo "1749"]
[Opening "Sicilian: Grand Prix attack"]
[ECO "B21"]
[Time "16:14:45"]
[TimeControl "2700+45"]

1. e4 c5 2. f4 d6 3. Nc3 Nc6 4. Bb5 Bd7 5. Nf3 a6 6. Be2 g6 7. O-O Bg7 8. a4 Rb8
9. f5 Nd4 10. fxg6 hxg6 11. Ng5 Nf6 12. d3 b5 13. axb5 axb5 14. Nd5 Bc6 15. Bf4
Bxd5 16. exd5 Qb6 17. Bg4 Rh4 18. h3 Nxg4 19. hxg4 c4 20. Be3 Qc7 21. Rxf7 Bf6
22. g3 Bxg5 23. Bxg5 Rh1+ 24. Kxh1 Kxf7 25. c3 Qc5 26. cxd4 Qxd5+ 27. Kg1 Qxg5
28. dxc4 Qe3+ 29. Kg2 bxc4 30. Qf1+ Kg7 31. Re1 Rxb2+ 32. Kh3 Qh6# {White
checkmated} 0-1

[Event "Team 45 45 League T39"]
[Site "Internet Chess Club"]
[Date "2008.10.25"]
[Round "1"]
[White "werty"]
[Black "RD1974"]
[Result "1-0"]
[WhiteElo "1517"]
[BlackElo "1571"]
[Opening "Queen's pawn game, Chigorin variation"]
[ECO "D02"]
[Time "12:02:18"]
[TimeControl "2700+45"]

1. d4 d5 2. Nf3 Nc6 3. e3 Bg4 4. c4 e5 5. dxe5 Nxe5 6. cxd5 Qf6 7. Be2 Bb4+ 8.
Nc3 Bxc3+ 9. bxc3 Nxf3+ 10. Bxf3 Bxf3 11. gxf3 Qxc3+ 12. Bd2 Qe5 13. e4 Ne7 14.
O-O O-O 15. Rc1 c6 16. dxc6 Nxc6 17. Bc3 Qe6 18. Qb3 Qc8 19. Qb2 f6 20. Kh1 Qh3
21. Qe2 Ne5 22. Bxe5 fxe5 23. Rc3 Rf4 24. Rg1 Rh4 25. Rg2 a6 26. Rc7 b5 27.
Rcxg7+ Kh8 28. Kg1 Rc8 29. Qb2 Rh5 30. R7g5 Rxg5 31. Rxg5 Re8 32. Rxe5 Rxe5 33.
Qxe5+ Kg8 34. Qg3+ Qxg3+ 35. fxg3 a5 36. Kf1 Kf7 37. Ke1 Ke6 38. Kd2 Ke5 39. Kc3
h6 40. g4 Ke6 41. a3 Ke5 42. h4 Kf4 43. Kd4 b4 44. Kc4 Ke5 45. axb4 a4 46. b5 a3
47. b6 a2 48. b7 a1=Q 49. b8=Q+ Ke6 50. Qe8+ Kd6 51. Qd8+ Ke6 52. Qd5+ Ke7 53.
Qc5+ Ke6 54. Qc8+ Kd6 55. e5+ Qxe5 56. Qb8+ Ke6 57. Qxe5+ Kxe5 58. Kd3 Kf4 59.
Ke2 Ke5 60. Ke3 Kf6 61. Ke4 Ke6 62. g5 hxg5 63. hxg5 Kf7 64. Ke5 Kg6 65. f4 Kf7
66. f5 Ke7 67. f6+ Kf7 68. Kd6 Ke8 69. g6 Kf8 70. Kd7 Kg8 71. Ke7 Kh8 72. f7 Kg7
73. f8=Q+ Kxg6 74. Qf6+ Kh7 75. Qg5 {Black resigns} 1-0

[Event "Team 45 45 League T39"]
[Site "Internet Chess Club"]
[Date "2008.10.26"]
[Round "1"]
[White "GolfSuper"]
[Black "Kravier"]
[Result "0-1"]
[WhiteElo "1614"]
[BlackElo "1529"]
[Opening "Sicilian: Taimanov variation"]
[ECO "B48"]
[Time "19:00:56"]
[TimeControl "2700+45"]

1. e4 c5 2. Nf3 e6 3. d4 cxd4 4. Nxd4 a6 5. Nc3 Nc6 6. Be3 Qc7 7. Qd2 Bb4 8. a3
Ba5 9. Be2 Nf6 10. f3 O-O 11. O-O d5 12. exd5 Nxd5 13. b4 Bb6 14. Nxd5 exd5 15.
Kh1 Nxd4 16. Bxd4 Bxd4 17. Qxd4 Qxc2 18. Bd3 Qc6 19. Rac1 Qd6 20. Rfe1 Be6 21.
Re5 Rfc8 22. Rce1 Qc7 23. Qh4 h6 24. R5e3 Qd8 25. Qf2 Rc7 26. Qb2 d4 27. Re4 Rc3
28. Rd1 Bf5 29. Re8+ Qxe8 30. Bxf5 Rd8 31. h3 Qe3 32. Qb1 Rxa3 33. Re1 Qb3 34.
Qe4 Qxb4 35. Rb1 Rb3 36. Rxb3 Qxb3 37. Qe7 Rf8 38. Bh7+ Kxh7 39. Qxf8 d3 40. Qc5
d2 41. Qf5+ g6 42. Qf6 d1=Q+ 43. Kh2 Qbd5 {White resigns} 0-1

[Event "Team 45 45 League T39"]
[Site "Internet Chess Club"]
[Date "2008.10.25"]
[Round "1"]
[White "kublai"]
[Black "curtintime"]
[Result "1-0"]
[WhiteElo "1537"]
[BlackElo "1330"]
[Opening "Budapest: Adler variation"]
[ECO "A52"]
[Time "17:07:19"]
[TimeControl "2700+45"]

1. d4 Nf6 2. c4 e5 3. dxe5 Ng4 4. Nf3 Nc6 5. Bf4 Qe7 6. e3 Ngxe5 7. Nxe5 Nxe5 8.
Be2 d6 9. O-O Be6 10. Qb3 b6 11. Bxe5 dxe5 12. Nc3 c6 13. Bf3 Qc7 14. Nb5 Qc8
15. Nc3 Be7 16. Qa4 Bd7 17. Qc2 O-O 18. Rad1 Bf5 19. Qb3 Kh8 20. Rd2 Be6 21.
Rfd1 Rb8 22. Qa4 b5 23. cxb5 cxb5 24. Nxb5 Bd7 25. Rxd7 {Black resigns} 1-0

[Event "Team 45 45 League T39"]
[Site "Internet Chess Club"]
[Date "2008.10.25"]
[Round "1"]
[White "BosqueVerde"]
[Black "Millwright"]
[Result "0-1"]
[WhiteElo "1241"]
[BlackElo "1379"]
[Opening "QGD: 3...Nf6"]
[ECO "D35"]
[Time "12:13:53"]
[TimeControl "2700+45"]

1. d4 d5 2. c4 Nf6 3. Nc3 e6 4. Qc2 g6 5. Bg5 Bg7 6. Nf3 O-O 7. Rb1 Nc6 8. cxd5
exd5 9. e4 dxe4 10. Nxe4 Bf5 11. Bd3 Nb4 12. Nxf6+ Bxf6 13. Qd2 Nxd3+ 14. Qxd3
Bxd3 15. Rd1 Bc4 16. Bxf6 Qxf6 17. b3 Rfe8+ 18. Ne5 Bb5 19. f3 Rad8 20. Kf2 c5
21. a4 cxd4 22. axb5 Qxe5 23. Rhe1 Qxe1+ 24. Rxe1 Rxe1 25. Kxe1 {White resigns}
0-1

[Event "Team 45 45 League T39"]
[Site "Internet Chess Club"]
[Date "2008.10.26"]
[Round "1"]
[White "Riddari"]
[Black "rookmaster23"]
[Result "0-1"]
[WhiteElo "1320"]
[BlackElo "1308"]
[Opening "Sicilian: Najdorf, 6.Bg5"]
[ECO "B94"]
[Time "13:56:40"]
[TimeControl "2700+45"]

1. e4 c5 2. Nf3 d6 3. d4 cxd4 4. Nxd4 Nf6 5. Nc3 a6 6. Bg5 e5 7. Nf3 h6 8. Bh4
Be7 9. Bxf6 Bxf6 10. Nd5 Nc6 11. c3 Be6 12. Nxf6+ gxf6 13. Be2 Rg8 14. g3 f5 15.
exf5 Bxf5 16. Qd2 Qf6 17. Rd1 O-O-O 18. Qd5 Be6 19. Qe4 Bf5 20. Qc4 Be6 21. Qa4
e4 22. Nd2 Bd5 23. Nxe4 Bxe4 24. Qxe4 Rge8 25. Qd5 Re5 26. Qg2 Rde8 27. Rd2 Qe6
28. f4 Re3 29. O-O Qxa2 30. Rxd6 Rxe2 31. Qh3+ Kb8 32. Rdd1 Rxb2 33. Ra1 Qd5 34.
Rad1 Qb3 35. Qd7 Ree2 36. Qd6+ Kc8 37. Qd7+ Kb8 38. Qd6+ Ka7 39. Qc5+ Kb8 40.
Qf8+ Kc7 41. Qd6+ Kb6 42. Qd3 Rg2+ 43. Kh1 Rxh2+ 44. Kg1 Rbg2# {White
checkmated} 0-1

[Event "Team 45 45 League T39"]
[Site "Internet Chess Club"]
[Date "2008.10.22"]
[Round "1"]
[White "smsxman"]
[Black "Invicta-Knight"]
[Result "1-0"]
[WhiteElo "1565"]
[BlackElo "1461"]
[Opening "Scandinavian (center counter) defense"]
[ECO "B01"]
[Time "13:17:19"]
[TimeControl "2700+45"]

1. e4 d5 2. exd5 Qxd5 3. d4 Nc6 4. Nf3 Bg4 5. Nc3 Qd8 6. Bb5 a6 7. d5 axb5 8.
dxc6 Qxd1+ 9. Nxd1 Bxf3 10. cxb7 Rb8 11. gxf3 Rxb7 12. Ne3 Nf6 13. Bd2 e6 14.
O-O-O Bd6 15. Ng4 Nd5 16. h3 Ke7 17. Rhg1 g6 18. Bg5+ f6 19. Rxd5 exd5 20. Bxf6+
{Black resigns} 1-0

[Event "Team 45 45 League T39"]
[Site "Internet Chess Club"]
[Date "2008.10.26"]
[Round "1"]
[White "houseofcook"]
[Black "Trevorking"]
[Result "0-1"]
[WhiteElo "1408"]
[BlackElo "1571"]
[Opening "Sicilian: Smith-Morra gambit"]
[ECO "B21"]
[Time "16:09:24"]
[TimeControl "2700+45"]

1. e4 c5 2. d4 cxd4 3. c3 dxc3 4. Nxc3 Nc6 5. Nf3 d6 6. Bc4 e6 7. O-O Be7 8. Qe2
Nf6 9. Rd1 Bd7 10. Bf4 e5 11. Bg5 Bg4 12. Bb5 O-O 13. Bxc6 bxc6 14. h3 Bh5 15.
Rd3 h6 16. Bxf6 Bxf6 17. Qd2 Bxf3 18. Rxf3 Bg5 19. Qc2 Rc8 20. Qa4 Qb6 21. Qa3
Rfd8 22. Na4 Qd4 23. Qb3 d5 24. Nc3 dxe4 25. Rxf7 Kh8 26. Rd1 Qb6 27. Rdd7 Rxd7
28. Rxd7 Qxb3 29. axb3 Rb8 30. Rxa7 Rxb3 31. Rc7 e3 32. Rxc6 exf2+ 33. Kxf2
Rxb2+ 34. Kf3 Rc2 35. Ke4 Kh7 36. Kxe5 Bf6+ {White resigns} 0-1

[Event "Team 45 45 League T39"]
[Site "Internet Chess Club"]
[Date "2008.10.23"]
[Round "1"]
[White "Visin"]
[Black "stputte"]
[Result "0-1"]
[WhiteElo "1300"]
[BlackElo "1329"]
[Opening "Alekhine's defense: Scandinavian variation"]
[ECO "B02"]
[Time "13:58:18"]
[TimeControl "2700+45"]

1. e4 Nf6 2. Nc3 d5 3. d3 dxe4 4. Nxe4 Nxe4 5. dxe4 Qxd1+ 6. Kxd1 e5 7. Nf3 Nc6
8. b3 Bc5 9. Bb2 Bg4 10. Kc1 O-O-O 11. h3 Bxf3 12. gxf3 Bxf2 13. Bc3 Be3+ 14.
Kb2 f6 15. Bg2 Nd4 16. Rad1 Ne2 17. Rhe1 Rxd1 18. Rxd1 Nxc3 19. Kxc3 Bd4+ 20.
Kc4 Rd8 21. c3 Be3 22. Rxd8+ Kxd8 23. Kd5 Ke7 24. Bf1 c6+ 25. Kc4 b5+ 26. Kd3
Bb6 27. c4 b4 28. h4 Kf7 29. Bh3 h5 30. Ke2 g5 31. hxg5 fxg5 32. Kf1 Ke7 33. Kg2
Kd6 34. Bf5 Kc5 35. Kg3 Kd4 36. Bg6 h4+ 37. Kg4 h3 38. Kxh3 Kc3 39. Kg4 Kb2 40.
Kxg5 Kxa2 41. Kf5 Bc7 42. f4 exf4 43. Bh5 Kxb3 44. e5 Bxe5 45. Kxe5 Kxc4 46.
Kxf4 b3 47. Bg6 a5 48. Bf7+ Kc3 49. Ke5 b2 50. Bg6 a4 51. Kd6 a3 52. Kxc6 a2 53.
Bb1 {White resigns} 0-1

[Event "Team 45 45 League T39"]
[Site "Internet Chess Club"]
[Date "2008.10.25"]
[Round "1"]
[White "bjoernchess"]
[Black "SiNsUaT12"]
[Result "1-0"]
[WhiteElo "2338"]
[BlackElo "2310"]
[Opening "Nimzo-Indian: classical, 4...c5"]
[ECO "E38"]
[Time "07:00:56"]
[TimeControl "2700+45"]

1. d4 Nf6 2. c4 e6 3. Nc3 Bb4 4. Qc2 c5 5. dxc5 Na6 6. a3 Bxc3+ 7. Qxc3 Nxc5 8.
f3 O-O 9. e4 d6 10. Be3 Qc7 11. Rd1 b6 12. Ne2 Bb7 13. Nd4 a6 14. Be2 Rfe8 15.
O-O Rac8 16. Bg5 Ncd7 17. Qd2 h6 18. Bh4 Ba8 19. Kh1 Qb8 20. a4 Bb7 21. b4 Kh7
22. Nc2 d5 23. Bg3 Qa8 24. exd5 exd5 25. Ne3 Nh5 26. cxd5 Nxg3+ 27. hxg3 Nf6 28.
Bd3+ g6 29. d6 Rcd8 30. Bc4 b5 31. axb5 axb5 32. Bxf7 Re5 33. Qd4 Rh5+ 34. Kg1
Kg7 35. Ng4 Rf5 36. Be6 Rf8 37. Bxf5 gxf5 38. Nxf6 Rxf6 39. d7 Qd8 40. Rfe1
{Black resigns} 1-0

[Event "Team 45 45 League T39"]
[Site "Internet Chess Club"]
[Date "2008.10.24"]
[Round "1"]
[White "SuperPeon"]
[Black "killer21"]
[Result "1/2-1/2"]
[WhiteElo "2102"]
[BlackElo "2263"]
[Opening "Sicilian, Chekhover variation"]
[ECO "B53"]
[Time "13:00:06"]
[TimeControl "2700+45"]

1. e4 c5 2. Nf3 d6 3. d4 cxd4 4. Qxd4 Nc6 5. Bb5 Bd7 6. Bxc6 bxc6 7. c4 Qb6 8.
Qd3 e5 9. Nc3 Be7 10. O-O Nf6 11. b3 O-O 12. Ba3 c5 13. Bc1 h6 14. Nh4 Qb7 15.
Re1 Rfe8 16. f4 exf4 17. Nf5 Bxf5 18. exf5 f3 19. Qxf3 Qxf3 20. gxf3 Bf8 21. Bf4
a6 22. Rxe8 Rxe8 23. Rd1 Rd8 24. Kf2 Be7 25. Ne4 Nxe4+ 26. fxe4 f6 {Game drawn
by mutual agreement} 1/2-1/2

[Event "Team 45 45 League T39"]
[Site "Internet Chess Club"]
[Date "2008.10.26"]
[Round "1"]
[White "andreip"]
[Black "Campagnolo"]
[Result "1/2-1/2"]
[WhiteElo "2031"]
[BlackElo "2070"]
[Opening "KGA: Abbazia defense, modern variation"]
[ECO "C31"]
[Time "05:25:29"]
[TimeControl "2700+45"]

1. e4 e5 2. f4 d5 3. exd5 exf4 4. Nf3 Nf6 5. Bc4 Nxd5 6. O-O Be7 7. d4 Be6 8.
Bxd5 Bxd5 9. Bxf4 O-O 10. Nc3 Be6 11. d5 Bg4 12. Qd3 Nd7 13. h3 Bh5 14. Rae1 Bg6
15. Qd2 {Game drawn by mutual agreement} 1/2-1/2

[Event "Team 45 45 League T39"]
[Site "Internet Chess Club"]
[Date "2008.10.25"]
[Round "1"]
[White "TerryMalloy"]
[Black "Terte"]
[Result "0-1"]
[WhiteElo "2027"]
[BlackElo "2072"]
[Opening "King's Indian: Four pawns attack, 6.Be2"]
[ECO "E77"]
[Time "10:22:24"]
[TimeControl "2700+45"]

1. d4 Nf6 2. c4 g6 3. Nc3 Bg7 4. e4 d6 5. Be2 O-O 6. f4 e5 7. dxe5 dxe5 8. Qxd8
Rxd8 9. fxe5 Ng4 10. Bg5 Re8 11. Nf3 Nxe5 12. Nd5 Na6 13. Nf6+ Bxf6 14. Bxf6 Ng4
15. Bc3 Nc5 16. h3 Ne3 17. e5 Nc2+ 18. Kd2 Nxa1 19. Rxa1 Ne4+ 20. Ke3 Nxc3 21.
bxc3 Bd7 22. c5 Bc6 23. Bc4 Bxf3 24. Kxf3 Rxe5 {White resigns} 0-1

[Event "Team 45 45 League T39"]
[Site "Internet Chess Club"]
[Date "2008.11.01"]
[Round "1"]
[White "freestyle"]
[Black "izit"]
[Result "0-1"]
[WhiteElo "2228"]
[BlackElo "2193"]
[Opening "Sicilian: Najdorf, Byrne (English) attack"]
[ECO "B90"]
[Time "12:00:26"]
[TimeControl "2700+45"]

1. e4 c5 2. Nf3 d6 3. d4 cxd4 4. Nxd4 Nf6 5. Nc3 a6 6. Be3 e5 7. Nf3 Qc7 8. a4
Be7 9. a5 O-O 10. Be2 Nbd7 11. O-O b5 12. axb6 Nxb6 13. Nd2 Bb7 14. Bxb6 Qxb6
15. Nc4 Qc7 16. Qd3 Nxe4 17. Nxe4 d5 18. Nc3 dxc4 19. Qxc4 Qb6 20. Bd3 Rfd8 21.
Na4 Qf6 22. Nc5 Rac8 23. Nxb7 Rxc4 24. Nxd8 Rc7 25. Rxa6 Qg5 26. Nc6 g6 27. b4
Rb7 28. b5 Bc5 29. Ra8+ Kg7 30. Re8 Bd4 31. Kh1 Bc3 32. g3 h5 33. Rb1 h4 34. Be4
Rxb5 35. Rxb5 Qc1+ 36. Kg2 h3+ 37. Kxh3 Qf1+ 38. Bg2 Qxb5 39. f4 exf4 40. gxf4
Bf6 41. Kg3 Qh5 42. Bf3 Qh4+ 43. Kg2 Qxf4 44. Re2 Qc4 45. Na5 Qf4 46. Nc6 Qg5+
47. Kh1 Qc1+ 48. Kg2 Qg5+ 49. Kh1 Bc3 50. Ne7 Bd4 51. Re1 Qf4 52. Rf1 Be5 53.
Rf2 Bd4 54. Rf1 Be5 55. Rf2 Qh4 56. Re2 Qxe7 57. c4 Qg5 {White resigns} 0-1